AoeStats
← Game project 0001

Nomad

510544522Analyzed
3v3 RM · 1d ago on Oct 1, 2026· 40m 47s· 6 players
Game mode
Random Map
Map size
210×210
Population
200
Speed
Normal
Resources
Standard
Victory
Conquest
Starting age
Dark Age
Ending age
Imperial Age
RankedLock teamsTeams togetherTeam positionsShared explorationLock speedFull tech treeHidden civsTurbo modeCheats
Victory
Defeat
🇦🇪 Saxons · United Arab Emirates
1532
+15
🇺🇸 Danes · United States
1507
+16
🇦🇪 Huns · United Arab Emirates
1498
+18
🇲🇽 Varangians · Mexico
1546
-17
🇭🇰 Teutons · Hong Kong SAR China
1508
-16
🇦🇹 Wu · Austria
1501
-16
DeadlyEfficiency
12:01 Feudal Age
12:44 Loom
19:40 Castle Age
19:18 Double-Bit Axe
20:20 Forging
21:42 Medium Warships
26:40 Bow Saw
26:19 Horse Collar
28:39 Fletching
29:28 Bodkin Arrow
33:52 Red Cliffs Tactics
38:59 Ballistics
38:49 Padded Archer Armor
Game project 0001
4:40 Loom
13:37 Feudal Age
17:43 Castle Age
16:59 Double-Bit Axe
16:55 Horse Collar
18:10 Gold Mining
19:26 Bow Saw
20:47 Heavy Plow
22:05 Medium Warships
23:26 Wheelbarrow
22:36 Town Watch
23:03 Fletching
30:46 Imperial Age
30:39 Hand Cart
31:54 Cavalier
33:14 Bloodlines
34:07 Forging
34:05 Gambesons
35:33 Scale Barding Armor
35:55 Gold Mining
38:30 Two-Man Saw
38:00 Crop Rotation
37:21 Stone Mining
38:15 Iron Casting
38:11 Paladin
40:04 Chain Barding Armor
DarkSIde1405
5:08 Loom
13:35 Feudal Age
22:04 Castle Age
20:41 Horse Collar
23:43 Double-Bit Axe
26:45 Forging
28:26 Iron Casting
33:53 Bloodlines
33:47 Husbandry
35:57 Bloodlines
39:08 Wheelbarrow
Potato Edition55
4:53 Loom
11:58 Feudal Age
14:54 Double-Bit Axe
19:40 Castle Age
18:38 Gold Mining
18:31 Horse Collar
20:40 Forging
21:19 Medium Warships
23:15 Arson
25:01 Heavy Plow
25:09 Squires
26:21 Fletching
28:46 Scale Mail Armor
31:12 Chain Mail Armor
31:33 Bodkin Arrow
32:46 Padded Archer Armor
33:11 Bow Saw
38:09 Imperial Age
36:06 Thumb Ring
37:24 Ballistics
37:29 Leather Archer Armor
38:53 Iron Casting
39:30 Plate Mail Armor
SupremeStoner
12:51 Feudal Age
16:45 Castle Age
18:07 Scale Mail Armor
22:41 Scale Barding Armor
22:27 Horse Collar
23:47 Loom
26:38 Chain Barding Armor
28:10 Forging
30:23 Double-Bit Axe
31:39 Iron Casting
37:26 Imperial Age
35:52 Bloodlines
37:29 Elite Tarkan
39:24 Plate Barding Armor
Moog
3:23 Loom
12:51 Feudal Age
13:57 Double-Bit Axe
17:15 Forging
21:00 Castle Age
21:56 Medium Warships
22:56 Fletching
23:45 Bodkin Arrow
25:33 Horse Collar
26:36 Fishing Lines
28:37 Heavy Plow
29:44 Bow Saw
30:35 Wheelbarrow
30:47 Gillnets
30:54 Town Watch
36:35 Imperial Age
34:20 Gold Mining
35:04 Padded Archer Armor
36:32 Bloodlines
36:22 Husbandry
36:42 Leather Archer Armor
37:22 Bracer
38:31 Chemistry
36:58 Cranequins
38:34 Ballistics
38:53 Ring Archer Armor
37:56 Heavy Mounted Crossbowman
40:54 Thumb Ring
Connection lost

Rejoining the realm…

Still unreachable

The connection could not be restored.

Session expired

The server has moved on; the page needs a fresh start.